 Dungeon Crawl Stone Soup version 0.30-a0-743-gbfdf073431 (webtiles) character file.

Game seed: 16849421569078705181

33 Dittersdorf the Shield-Bearer (level 3, -5/24 HPs)
             Began as a Gargoyle Fighter on Feb 7, 2023.
             Killed by divine providence
             ... invoked by an orc priest
              (16 damage)
             ... on level 1 of the Dungeon.
             The game lasted 00:01:03 (853 turns).

Dittersdorf the Shield-Bearer (Gargoyle Fighter)     Turns: 853, Time: 00:01:03

Health: -5/24      AC: 12    Str: 21    XL:     3   Next: 29%
Magic:  3/3        EV:  7    Int:  8    God:
Gold:   63         SH:  4    Dex:  9    Spells: 2/2 levels left

rFire   . . .      SeeInvis .    a - +0 flail
rCold   . . .      Faith    .    c - +0 buckler
rNeg    + . .      Spirit   .    g - +0 chain mail
rPois   ∞          Reflect  .    (no helmet)
rElec   +          Harm     .    (no cloak)
rCorr   .          Rampage  .    (no gloves)
Will    .....                    (no boots) Stlth
                                 (no amulet)
HPRegen 0.24/turn                (no ring)
MPRegen 0.08/turn                (no ring)

@: no status effects
A: sickness immunity, AC +3, negative energy resistance 1, electricity
resistance, torment resistance 1, petrification resistance
a: no special abilities


You were on level 1 of the Dungeon.
You visited 1 branch of the dungeon, and saw 2 of its levels.

You collected 63 gold pieces.

Inventory:

Hand Weapons
 a - a +0 flail (weapon)
Missiles
 i - 2 throwing nets (quivered)
Armour
 c - a +0 buckler (worn)
 g - a +0 chain mail (worn)
Scrolls
 b - a scroll of teleportation {unknown}
 e - a scroll of identify {unknown}
 h - a scroll of amnesia {unknown}
Potions
 d - a potion of might
 f - a potion of haste {unknown}


   Skills:
 + Level 3.7 Fighting
 + Level 2.5 Maces & Flails
 + Level 3.6 Armour
 + Level 3.7 Shields


You had 2 spell levels left.
You didn't know any spells.
Your spell library contained the following spells:

 Spells                   Type           Power      Damage    Failure   Level
 Apportation              Tloc           0%         N/A       99%         1
 Lesser Beckoning         Tloc           0%         N/A       100%        2
 Gell's Gravitas          Tloc           0%         N/A       100%        3
 Teleport Other           Tloc           0%         N/A       100%        3
 Alistair's Intoxication  Tmut/Pois      0%         N/A       100%        5


Dungeon Overview and Level Annotations

Branches:
Dungeon (2/15)

Altars:


Innate Abilities, Weirdness & Mutations

You are immune to sickness and miasma.
Your stone body is resilient. (AC +3)
You are immune to poison.
You resist negative energy. (rN+)
You are resistant to electric shocks. (rElec)
You are resistant to unholy torment.
You are immune to petrification.


Message History

There is a stone staircase leading up here.
The orc priest barely misses you.
You climb upwards.
There is a stone staircase leading down here.
You closely miss the orc priest. The orc priest closely misses you.
You hit the orc priest but do no damage.
The orc priest mumbles some strange prayers to Beogh against you.
Beogh smites you!
Ouch! That really hurt!
You are too injured to fight recklessly!
You are too injured to fight recklessly!
You are too injured to fight recklessly!
You are too injured to fight recklessly!
You are too injured to fight recklessly!
You are too injured to fight recklessly!
You are too injured to fight recklessly!
You are too injured to fight recklessly!
You are too injured to fight recklessly!
You are too injured to fight recklessly!
You are too injured to fight recklessly!
You are too injured to fight recklessly!
You are too injured to fight recklessly!
You are too injured to fight recklessly!
You are too injured to fight recklessly!
You are too injured to fight recklessly!
You sock the orc priest!
The orc priest is heavily wounded.
The orc priest hits you but does no damage. x2
You barely miss the orc priest.
The orc priest is heavily wounded.
You block the orc priest's attack.
You closely miss the orc priest.
The orc priest is heavily wounded.
The orc priest hits you but does no damage.
You sock the orc priest!
The orc priest is almost dead.
The orc priest mumbles some strange prayers to Beogh against you.
Beogh smites you!
Ouch! That really hurt!
You die...

#####.# #.#..#
#.#.###...
#.#####.#..# #.#.#
#.#.
######)......#..#
#.#.# #..#
.......##.####..###
#.#.###.##
######.##.# #....#
#.#.#...# #.##.#
#....######.#.....##
#.##.#
#....#..........#..#
#.##.#
#..).######.#####.#.
#.##.####.o@.# #.#
#.## #.#.....######
#.# #.## #.#.....(#
#.#####.[.
#.#.####.#
#......... #.#)##
#.# ##########
#.#..###.#
######.#.#.##.#
#((.....###.#.#
#.####.## ##..#


You could see an orc priest.

Vanquished Creatures
  A worm (D:2)
  A dart slug (D:1)
  An orc (D:1)
  4 ball pythons
  4 bats (D:1)
  2 endoplasms (D:1)
  A hobgoblin (D:1)
  2 jackals (D:1)
  A kobold (D:1)
  4 quokkas
  A frilled lizard (D:1)
  A goblin (D:1)
  A rat (D:1)
24 creatures vanquished.

Notes
Turn   | Place    | Note
-------+----------+-------------------------------------------
     0 | D:1      | Dittersdorf the Gargoyle Fighter began the quest for the
                  | Orb.
     0 | D:1      | Reached XP level 1. HP: 14/14 MP: 1/1
   292 | D:1      | Reached XP level 2. HP: 19/19 MP: 2/2
   583 | D:1      | Reached XP level 3. HP: 18/23 MP: 3/3
   853 | D:1      | Killed from afar by an orc priest

Illustrated notes

Levels and vault maps discovered:
D:1:      dpeg_arrival_fog, layout_loops_ring
D:2:      layout_loops_ring

Action                     || total
---------------------------++-------
  Melee: Flail             ||    98
 Armour: Chain mail        ||    74
  Dodge: Dodged            ||    43
  Block: Buckler           ||    18

Table legend: (Time is in decaauts)
 A = Elapsed time spent in this place.
 B = Non-inter-level travel time spent in this place.
 C = Inter-level travel time spent in this place.
 D = Time resting spent in this place.
 E = Time spent auto-exploring this place.
 F = Levels seen in this place.
 G = Mean time per level.
                   A        B        C        D        E       F      G
               +--------+--------+--------+--------+--------+-----+--------+
         Total |    884 |    827 |     57 |     40 |    533 |   2 |  442.0 |
       Dungeon |    884 |    827 |     57 |     40 |    533 |   2 |  442.0 |
               +--------+--------+--------+--------+--------+-----+--------+

Top non-repeatable levels by time:
     D:1: 816 daAuts
     D:2: 67 daAuts
